 Dungeon Crawl Stone Soup version 0.27.0 (webtiles) character file.

Game seed: 14674230800690609732

369 Treizu the Digger (level 6, 0/33 HPs)
             Began as a Gargoyle Earth Elementalist on July 31, 2021.
             Was a Believer of Wu Jian.
             Shot with an arrow by a centaur (6 damage)
             ... on level 4 of the Dungeon.
             The game lasted 00:36:42 (3638 turns).

Treizu the Digger (Gargoyle Earth Elementalist)     Turns: 3638, Time: 00:36:42

Health: 0/33       AC:  6    Str: 12    XL:     6   Next: 70%
Magic:  10/12      EV: 12    Int: 17    God:    Wu Jian [**....]
Gold:   226        SH:  0    Dex: 10    Spells: 5/13 levels left

rFire    . . .     SeeInvis .   d - +1 flail
rCold    . . .     Faith    .   (no shield)
rNeg     + . .     Spirit   .   n - +0 robe
rPois    ∞         Reflect  .   (no helmet)
rElec    +         Harm     .   (no cloak)
rCorr    .         Rampage  .   (no gloves)
Will     .....                  (no boots)
Stlth    ++........             (no amulet)
HPRegen  0.11/turn              (no ring)
MPRegen  0.13/turn              (no ring)

@: brilliant, about to teleport
A: sickness immunity, AC +4, negative energy resistance 1, electricity
resistance, torment resistance 1, petrification resistance
a: Renounce Religion, Wall Jump


You were on level 4 of the Dungeon.
You worshipped Wu Jian.
Wu Jian was pleased with you.
You visited 1 branch of the dungeon, and saw 4 of its levels.

You collected 226 gold pieces.

Inventory:

Hand Weapons
 a - a +0 short sword
 d - a +1 flail (weapon)
 e - a +0 dagger
 h - a +0 dagger
 j - a +0 short sword
 l - a +0 club
 m - a +0 dagger
 o - a +0 dagger
 s - a +0 hunting sling
 u - a +0 whip
 w - a +0 hunting sling
Missiles
 c - 66 stones
 f - 71 arrows
 r - 3 boomerangs
Armour
 b - a +0 robe
 i - a +0 ring mail
 n - a +0 robe (worn)
 t - a +0 leather armour
Scrolls
 g - a scroll of summoning {unknown}
 k - 2 scrolls of teleportation
 p - a scroll of holy word {unknown}
 v - a scroll of noise {unknown}
 x - a scroll of immolation {unknown}
Potions
 q - a potion of resistance {unknown}
 z - a potion of brilliance


   Skills:
 + Level 0.8 Fighting
 * Level 1.9 Maces & Flails
 + Level 0.5 Armour
 + Level 1.7 Dodging
 - Level 2.2 Stealth
 * Level 4.1 Spellcasting
 * Level 1.5 Conjurations
 * Level 1.9 Transmutations
 * Level 5.3 Earth Magic


You had 5 spell levels left.
You knew the following spells:

 Your Spells              Type           Power      Damage    Failure   Level
a - Sandblast             Erth           64%        2d14      1%          1
b - Stone Arrow           Conj/Erth      44%        3d9       12%         3
c - Petrify               Tmut/Erth      23%        N/A       34%         4

Your spell library contained the following spells:

 Spells                   Type           Power      Damage    Failure   Level
 Passwall                 Tmut/Erth      19%        N/A       5%          2
 Tukima's Dance           Hex            5%         N/A       43%         3
 Passage of Golubria      Tloc           N/A        N/A       83%         4
 Yara's Violent Unravell  Hex/Tmut       5%         3d4       96%         5


Dungeon Overview and Level Annotations

Branches:
Dungeon (4/15)
 Temple: D:4-7

Altars:
Wu Jian

Shops:
D:1 [   D:2 (


Innate Abilities, Weirdness & Mutations

You are immune to sickness and miasma.
Your stone body is resilient. (AC +4)
You are immune to poison.
You resist negative energy. (rN+)
You are resistant to electric shocks. (rElec)
You are resistant to unholy torment.
You are immune to petrification.


Message History

Aim: a scorpion (heavily wounded, 81% to hit)
The blast of sand hits the scorpion but does no damage.
The scorpion is heavily wounded.
The scorpion stings you but does no damage. x2
Aiming: Sandblast (safe; 1% risk of failure)
Press: ? - help, Q - select action, (/) - cycle Shift-Dir - straight line, f/p - scorpion
Aim: a scorpion (heavily wounded, 81% to hit)
The blast of sand hits the scorpion!
You kill the scorpion!
The Council accepts your kill.
You feel your strength returning.
Your Spellcasting skill increases to level 4!
You see here a scorpion corpse.
c - 66 stones (gained 19)
Found a stone staircase leading down.
A centaur comes into view.
The centaur wields a +0 shortbow.
The centaur shoots an arrow.
The arrow hits you!
You see here 18 gold pieces.
The centaur shoots an arrow.
The arrow hits you!
The centaur shoots an arrow.
The arrow hits you!
It was a potion of brilliance.
You feel clever all of a sudden.
The centaur shoots an arrow.
The arrow closely misses you.
The centaur shoots an arrow.
The arrow hits you.
* * * LOW HITPOINT WARNING * * *
Aiming: Sandblast (safe; 1% risk of failure)
Press: ? - help, Q - select action, (/) - cycle Shift-Dir - straight line
Okay, then.
The centaur shoots an arrow.
The arrow barely misses you.
The centaur shoots an arrow.
The arrow barely misses you.
The centaur shoots an arrow.
The arrow hits you.
* * * LOW HITPOINT WARNING * * *
The centaur shoots an arrow.
The arrow completely misses you.
Found 13 gold pieces.
Found a ring mail.
As you read the scroll labelled ENEHIKHL JACS, it crumbles to dust.
You feel strangely unstable.
It was a scroll of teleportation.
The centaur shoots an arrow.
The arrow hits you.
You die...

......#.. #..
.#.#.#..##... [.
##.....^.>..### ##.
..#.##..... ...# ...
#.#.#.....#..... $.
#.......#..c# .. .#
#.........# #.#.#
#......# #...##
#.#.$..## ###@..#
.....#..######.....#
................####
.###....†.c..........
................####.
#######.######### #.#
#.# ..#


You could see a centaur.

Vanquished Creatures
  A sky beast (D:4)
  A scorpion (D:4)
  An orc priest (D:3)
  A centaur skeleton (D:4)
  An orc wizard (D:3)
  4 adders
  3 gnolls (D:2)
  A worm (D:3)
  A dart slug (D:1)
  6 orcs (D:3)
  4 endoplasms
  A giant cockroach (D:1)
  3 goblins (D:1)
  6 hobgoblins
  6 jackals
  2 quokkas (D:2)
  9 ball pythons
  3 bats
  3 frilled lizards
  6 kobolds
  4 rats
67 creatures vanquished.

Notes
Turn   | Place    | Note
-------+----------+-------------------------------------------
     0 | D:1      | Treizu the Gargoyle Earth Elementalist began the quest for
                  | the Orb.
     0 | D:1      | Reached XP level 1. HP: 10/10 MP: 3/3
   206 | D:1      | Found a faded altar of an unknown god.
   219 | D:1      | Reached skill level 1 in Transmutations
   236 | D:1      | Became a worshipper of the Wu Jian Council
   236 | D:1      | Reached * piety under Wu Jian
   276 | D:1      | Reached XP level 2. HP: 15/15 MP: 3/5
   276 | D:1      | Found Vairph's Armour Shoppe.
   310 | D:1      | Reached skill level 4 in Earth Magic
  1311 | D:2      | Reached XP level 3. HP: 17/19 MP: 3/6
  1330 | D:2      | Learned a level 3 spell: Stone Arrow
  1539 | D:2      | Reached XP level 4. HP: 17/24 MP: 2/8
  1551 | D:2      | Reached ** piety under Wu Jian
  1945 | D:2      | Found Dikil's Weapon Shoppe.
  2108 | D:3      | Learned a level 4 spell: Petrify
  2545 | D:3      | Reached skill level 1 in Conjurations
  2545 | D:3      | Reached XP level 5. HP: 19/28 MP: 4/9
  2890 | D:3      | Reached skill level 5 in Earth Magic
  3409 | D:4      | Noticed a sky beast
  3415 | D:4      | Reached skill level 1 in Maces & Flails
  3419 | D:4      | Killed a sky beast
  3420 | D:4      | Reached XP level 6. HP: 26/33 MP: 3/11
  3638 | D:4      | Shot with an arrow by a centaur

Illustrated notes

Levels and vault maps discovered:
D:1:      dpeg_arrival_arbitrary_b, layout_loops_corners, serial_shops, shop,
          hellmonk_ecumenical_altar_lost_god
D:2:      minmay_alternating_diamond, layout_loops_ring, serial_shops,
          nicolae_shop_temple_entry_statues_fountains
D:3:      layout_loops_corners
D:4:      layout_rooms, mainiacjoe_overflow_alcove_2,
          wad_floor_pattern_untrapped

Skill      XL: |  1  2  3  4  5  6 |
---------------+-------------------+-----
Transmutations | 1 |  1.9
Earth Magic    | 4 5 |  5.3
Spellcasting   | 3 4 |  4.1
Conjurations   | 1 |  1.5
Maces & Flails | 1 |  1.9
Fighting       | |  0.8
Armour         | |  0.5
Dodging        | |  1.7
Stealth        | |  2.2

Action                   |  1- 3 |  4- 6 || total
-------------------------+-------+-------++-------
Melee: Short sword       |     9 |       ||     9
       Unarmed           |     1 |       ||     1
       Club              |    14 |     1 ||    15
       Flail             |       |    48 ||    48
 Cast: Sandblast         |    34 |    50 ||    84
       Stone Arrow       |     1 |     3 ||     4
Invok: Whirlwind         |     2 |     1 ||     3
       Lunge             |       |     1 ||     1
  Use: Scroll            |     1 |     2 ||     3
       Potion            |       |     6 ||     6
 Stab: Sleeping          |       |     1 ||     1
Armor: Robe              |    11 |    15 ||    26
       Ring mail         |     8 |       ||     8
       Skin              |     1 |     2 ||     3
       Leather armour    |       |    16 ||    16
Dodge: Dodged            |    26 |    48 ||    74
